Map: Kairos Junction LE

Players

IIIIIIIIIII - Winner!

  • Race: Zerg Zerg
  • League: Master
  • Spawn Location: 5:00

Cham

  • Race: Zerg Zerg
  • League: Grandmaster
  • Spawn Location: 11:00

VOD

Have the link to the VOD?

Description

Time

  • Played on: Jan. 17, 2019, 5:40 p.m.
  • Length: 12:12
Show
View Real Time Build Order
Export as new Build Order

IIIIIIIIIII Zerg - Winner!

Build Orders: Hatch First 

Get SALT Encoding   

  12  0:00  Drone  
  13  0:13  Overlord  
  13  0:17  Drone  
  14  0:31  Drone x2  
  16  0:48  Hatchery  
  15  0:50  Drone  
  15  0:55  Drone  
  17  0:58  Drone  
  18  1:08  Extractor  
  17  1:13  Spawning Pool  
  17  1:16  Drone  
  17  1:19  Drone  
  18  1:28  Drone  
  19  1:39  Drone  
  20  1:49  Drone  
  21  1:59  Queen x2  
  25  2:01  Overlord  
  25  2:03  Zergling x2  
  25  2:08  Metabolic Boost  
  26  2:11  Drone x2  
  28  2:23  Zergling x4  
  30  2:35  Hatchery  
  29  2:39  Drone x2  
  29  2:43  Drone  
  32  2:46  Drone  
  32  2:51  Baneling Nest  
  32  2:58  Overlord  
  31  2:59  Drone  
  33  3:05  Drone x2  
  33  3:09  Drone x2  
  36  3:17  Drone, Zergling x2  
  36  3:18  Zergling x4  
  36  3:19  Drone  
  41  3:24  Evolution Chamber  
  41  3:27  Drone  
  41  3:32  Overlord  
  41  3:34  Queen  
  41  3:37  Baneling  
  41  3:38  Drone  
  44  3:48  Drone x2  
  46  3:49  Drone x4  
  46  3:51  Drone  
  46  3:52  Drone  
  52  3:57  Zerg Missile Weapons Level 1  
  52  4:00  Drone x2  
  54  4:09  Drone x2  
  56  4:12  Extractor  
  56  4:13  Extractor  
  56  4:15  Drone x4  
  57  4:18  Baneling x2  
  57  4:21  Zergling x2  
  57  4:24  Overlord  
  57  4:35  Roach Warren  
  57  4:38  Queen, Zergling x2  
  57  4:44  Zergling x22  
  65  4:51  Zergling x4  
  65  4:55  Zergling x2  
  65  5:00  Overlord  
  65  5:03  Overlord  
  65  5:04  Overlord  
  65  5:05  Overlord  
  65  5:08  Overlord  
  65  5:12  Overlord x2  
  65  5:19  Roach x3  
  69  5:23  Roach x2  
  69  5:27  Roach  
  69  5:28  Roach  
  76  5:31  Roach  
  76  5:32  Roach  
  80  5:36  Roach x2  
  80  5:39  Roach  
  85  5:44  Roach x2  
  87  5:55  Zergling x10, Roach x2  
  95  6:00  Overlord  
  95  6:02  Roach x2  
  82  6:11  Ravager x2  
  82  6:12  Roach  
  82  6:13  Roach x2  
  82  6:15  Roach  
  82  6:17  Roach  
  82  6:23  Roach x2  
  82  6:27  Ravager  
  82  6:29  Lair, Queen  
  82  6:32  Drone  
  84  6:35  Drone x2  
  84  6:36  Drone  
  87  6:42  Drone x3  
  87  6:45  Drone x2  
  92  6:48  Drone x2  
  92  6:52  Ravager  
  92  6:53  Ravager  
  96  6:54  Drone x2  
  96  6:56  Drone x2  
  100  7:01  Ravager  
  100  7:03  Queen  
  100  7:05  Drone, Extractor  
  100  7:06  Extractor  
  100  7:07  Drone x2  
  104  7:10  Drone x2  
  104  7:14  Drone x2  
  108  7:15  Evolution Chamber  
  108  7:20  Roach x2  
  111  7:23  Drone  
  111  7:28  Extractor  
  111  7:30  Drone x2  
  111  7:35  Zerg Missile Weapons Level 2  
  111  7:36  Glial Reconstitution  
  114  7:37  Drone x3  
  114  7:43  Roach x3  
  122  7:46  Drone x3  
  122  7:49  Roach  
  127  7:53  Overseer  
  127  7:56  Overlord  
  127  8:00  Zerg Ground Armor Level 1  
  127  8:06  Roach  
  127  8:07  Overlord  
  127  8:08  Overlord  
  127  8:09  Overlord  
  127  8:12  Overlord  
  129  8:14  Spine Crawler  
  129  8:15  Overlord  
  129  8:18  Roach x5  
  138  8:22  Overlord  
  138  8:23  Overlord  
  138  8:27  Overlord  
  138  8:30  Roach x4  
  138  8:32  Roach  
  138  8:33  Roach  
  150  8:38  Roach x3  
  152  8:48  Roach x5  
  122  8:55  Roach  
  122  8:56  Roach  
  122  8:58  Roach  
  122  9:01  Roach  
  109  9:03  Roach  
  109  9:06  Roach  
  107  9:13  Roach x2  
  111  9:20  Roach x3  
  111  9:21  Ravager  
  119  9:24  Ravager  
  119  9:26  Roach  
  118  9:35  Roach x3  
  124  9:42  Roach  
  124  9:43  Roach  
  127  9:48  Roach x2  
  131  9:56  Roach x3  
  131  9:59  Roach  
  141  10:00  Roach  
  145  10:07  Roach x3  
  145  10:08  Ravager x2  
  145  10:12  Roach  
  145  10:13  Ravager x2  
  153  10:18  Roach x2  
  153  10:20  Roach  
  159  10:25  Roach x2  
  163  10:28  Overseer  
  163  10:31  Roach  
  163  10:35  Roach x2  
  169  10:38  Roach  
  169  10:42  Roach x2  
  175  10:45  Roach  
  175  10:48  Roach  
  179  10:50  Roach  
  181  10:58  Roach x3  
  181  11:03  Roach  
  181  11:04  Roach  
  181  11:11  Overlord  
  181  11:14  Roach x4  
  184  11:19  Roach x2  
  184  11:23  Roach  
  183  11:34  Roach x3  
  183  11:36  Roach  
  163  11:42  Roach x2  
  163  11:44  Roach  
  144  11:52  Roach  
Show
View Real Time Build Order
Export as new Build Order

Cham Zerg 

Build Orders: Hatch First 

Get SALT Encoding   

  12  0:01  Drone  
  13  0:08  Drone  
  14  0:16  Overlord  
  14  0:35  Drone x2  
  16  0:49  Hatchery  
  15  0:52  Drone  
  16  1:07  Spawning Pool  
  16  1:09  Drone  
  16  1:14  Drone  
  16  1:18  Extractor  
  16  1:28  Drone x2  
  18  1:46  Drone  
  19  1:54  Queen  
  19  1:55  Overlord  
  19  1:58  Zergling x2  
  22  2:01  Queen  
  22  2:05  Zergling x2  
  25  2:12  Drone x2  
  27  2:18  Metabolic Boost  
  27  2:20  Drone  
  28  2:24  Drone  
  29  2:30  Drone  
  30  2:40  Hatchery  
  29  2:45  Drone  
  29  2:47  Drone  
  29  2:48  Drone  
  32  2:57  Zergling x2  
  32  2:58  Drone, Zergling x2  
  33  3:02  Baneling Nest  
  33  3:07  Drone  
  33  3:08  Drone  
  35  3:13  Overlord  
  35  3:25  Overlord  
  35  3:32  Zergling x4  
  35  3:33  Drone x2  
  39  3:35  Drone  
  39  3:36  Drone x3  
  43  3:48  Overlord  
  43  3:50  Drone x2  
  43  3:51  Baneling  
  43  3:52  Baneling  
  43  3:55  Roach Warren  
  44  3:56  Drone  
  44  3:57  Drone x2  
  44  3:59  Queen  
  49  4:04  Drone x2  
  49  4:07  Drone  
  49  4:09  Extractor  
  51  4:11  Extractor  
  51  4:12  Zergling x6  
  53  4:17  Overlord  
  53  4:28  Overlord  
  53  4:35  Roach  
  53  4:36  Roach x5  
  63  4:50  Roach  
  63  4:51  Roach x5  
  72  4:53  Roach  
  72  4:57  Roach  
  72  4:58  Roach  
  78  5:01  Roach  
  78  5:04  Roach  
  78  5:06  Overlord  
  82  5:11  Overlord  
  82  5:18  Baneling  
  82  5:23  Ravager  
  82  5:26  Ravager  
  82  5:27  Zergling x2  
  82  5:28  Zergling x14  
  88  5:31  Baneling x2, Zergling x2  
  88  5:34  Zergling x2  
  88  5:35  Zergling x2  
  91  5:36  Zergling x2  
  82  5:47  Zergling x12  
  84  5:57  Zergling x2  
  84  5:58  Lair, Zergling x4  
  81  6:14  Drone x3  
  81  6:15  Drone x3  
  81  6:16  Drone x3  
  81  6:17  Drone  
  81  6:18  Drone  
  82  6:21  Drone  
  75  6:25  Evolution Chamber  
  75  6:28  Roach x3  
  74  6:41  Roach  
  74  6:42  Roach x2  
  77  6:49  Overlord  
  77  6:51  Zerg Missile Weapons Level 1  
  77  6:52  Roach x2  
  81  6:54  Overlord  
  81  6:55  Glial Reconstitution, Overlord  
  81  6:58  Roach x2  
  81  6:59  Roach  
  81  7:00  Ravager  
  81  7:01  Ravager  
  89  7:03  Overlord  
  89  7:04  Roach  
  89  7:06  Roach  
  93  7:12  Roach  
  93  7:13  Roach  
  93  7:14  Overlord  
  97  7:16  Roach  
  97  7:19  Overlord  
  97  7:21  Roach  
  101  7:23  Roach  
  101  7:24  Overlord  
  101  7:28  Extractor  
  102  7:31  Drone x3  
  102  7:32  Roach x2  
  102  7:34  Roach  
  102  7:37  Roach  
  113  7:38  Roach  
  113  7:44  Overlord  
  115  7:45  Roach x2  
  115  7:48  Roach  
  115  7:49  Roach  
  123  7:52  Roach  
  123  7:56  Overlord x2  
  123  7:57  Roach  
  127  7:59  Roach  
  127  8:03  Roach x2  
  127  8:05  Roach  
  135  8:08  Roach  
  135  8:11  Overlord  
  135  8:12  Overlord  
  137  8:15  Roach  
  137  8:17  Roach  
  137  8:19  Roach  
  143  8:22  Roach  
  143  8:23  Roach  
  143  8:25  Roach  
  149  8:28  Roach  
  149  8:31  Roach  
  149  8:33  Roach  
  136  8:49  Roach x2  
  136  8:50  Roach x2  
  136  8:55  Roach x3  
  128  8:58  Roach x2  
  114  9:04  Roach x2  
  114  9:05  Roach x5  
  114  9:07  Roach  
  120  9:10  Roach  
  120  9:14  Roach x2  
  124  9:20  Roach  
  124  9:21  Roach x2  
  130  9:25  Roach  
  130  9:28  Roach x2  
  136  9:32  Roach  
  136  9:33  Roach  
  136  9:35  Overlord  
  140  9:40  Roach x3  
  140  9:45  Overseer  
  146  9:47  Roach  
  146  9:48  Overlord  
  146  9:49  Overlord  
  148  9:54  Overlord  
  148  9:59  Overlord  
  148  10:02  Roach x3  
  148  10:03  Ravager, Roach  
  148  10:06  Overlord  
  159  10:07  Roach  
  159  10:11  Roach x2  
  163  10:14  Overlord  
  163  10:15  Roach  
  163  10:19  Roach x2  
  163  10:20  Roach  
  171  10:22  Roach  
  171  10:25  Roach  
  171  10:26  Roach  
  179  10:28  Roach  
  179  10:30  Roach  
  179  10:35  Roach x2  
  185  10:41  Roach x2  
  189  10:46  Roach  
  189  10:47  Roach x2  
  195  10:50  Roach  
  195  10:51  Roach  
  200  10:58  Extractor  
  200  10:59  Roach  
  198  11:09  Roach x3  
  198  11:13  Overseer  
  194  11:24  Roach x6  
  160  11:41  Roach x5  
  160  11:42  Roach x4  
  160  11:46  Roach x3  
  152  11:49  Roach x3  
  152  11:51  Roach  
Tags
 
Add a new tag
Caveats
  • Supply blocks, unpowered buildings, or Contaminate may cause inaccurate times.
  • Supply counts are checked every 10 seconds.